AoeStats
← Cavernabrole

Arabia

509166208Analyzed
1v1 RM · 6d ago on Sep 25, 2026· 70m 13s· 2 players
Game mode
Random Map
Map size
Tiny (2 player)
Population
200
Speed
Normal
Resources
Standard
Victory
Conquest
Starting age
Dark Age
Ending age
Imperial Age
RankedLock teamsTeams togetherTeam positionsShared explorationLock speedFull tech treeHidden civsTurbo modeCheats
Victory
Defeat
🇺🇾 Malians · Uruguay
1322
+15
🇫🇷 Danes · France
1299
-15
Cavernabrole
7:46 Loom
9:58 Feudal Age
12:12 Horse Collar
14:55 Double-Bit Axe
19:17 Castle Age
17:38 Arson
18:52 Forging
19:55 Scale Mail Armor
19:46 Fletching
20:54 Iron Casting
20:36 Squires
21:14 Bow Saw
23:10 Stone Mining
25:11 Chain Mail Armor
26:09 Bodkin Arrow
29:37 Wheelbarrow
29:37 Town Watch
29:48 Gold Mining
32:12 Hand Cart
32:27 Hamask
34:23 Ballistics
37:07 Imperial Age
34:49 Heavy Plow
35:19 Thumb Ring
35:18 Padded Archer Armor
35:31 Bloodlines
35:22 Husbandry
36:32 Leather Archer Armor
37:36 Husbandry
37:09 Heavy Mounted Crossbowman
37:10 Cranequins
38:14 Bracer
39:02 Onager
40:45 Town Patrol
42:03 Hoardings
43:22 Chemistry
42:56 Conscription
45:53 Gold Shaft Mining
48:27 Stone Shaft Mining
49:37 Elite Jomsviking
50:03 Elite Skirmisher
50:12 Heavy Scorpion
52:58 Siege Onager
53:02 Northmen's Fury
56:21 Ring Archer Armor
56:58 Blast Furnace
56:28 Plate Mail Armor
55:54 Capped Ram
62:16 Elite Varangian Guard
62:43 Gambesons
Don Caballero
7:12 Loom
9:35 Feudal Age
10:18 Double-Bit Axe
11:50 Horse Collar
19:49 Castle Age
17:50 Stone Mining
18:17 Gold Mining
19:08 Arson
20:22 Wheelbarrow
20:40 Forging
21:08 Bow Saw
21:29 Heavy Plow
22:39 Scale Mail Armor
24:15 Herbal Medicine
26:01 Hand Cart
27:10 Iron Casting
27:21 Town Watch
29:08 Chain Mail Armor
30:45 Bloodlines
29:56 Light Cavalry
30:37 Husbandry
31:29 Squires
31:21 Fletching
34:04 Bodkin Arrow
37:43 Imperial Age
36:03 Gold Shaft Mining
35:49 Bodkin Arrow
36:04 Scale Barding Armor
39:08 Conscription
40:13 Farimba
41:10 Chain Barding Armor
41:59 Elite Skirmisher
42:45 Thumb Ring
42:37 Bodkin Arrow
42:42 Padded Archer Armor
43:06 Ballistics
43:46 Chemistry
45:17 Leather Archer Armor
45:31 Elite Gbeto
48:23 Ring Archer Armor
48:11 Masonry
49:32 Tigui
52:56 Plate Barding Armor
53:10 Cavalier
56:01 Hoardings
56:00 Architecture
55:25 Murder Holes
68:21 Plate Mail Armor
Connection lost

Rejoining the realm…

Still unreachable

The connection could not be restored.

Session expired

The server has moved on; the page needs a fresh start.